[Event "FIDE World Rapid-ch Open 2018"]
[White "Zakhartsov, Vladimir"]
[Black "Vaisser, Anatoli"]
[Site "St. Petersburg"]
[Round "15.83"]
[Annotator "ChessBase"]
[Result "1-0"]
[Date "2018.12.28"]
[WhiteElo "2486"]
[BlackElo "2505"]
[PlyCount "87"]
[TimeControl "900+10"]

1. c4 f5 2. d4 Nf6 3. Nc3 e6 4. g3 d5 5. Bg2 c6 6. Nf3 Bd6 7. c5 Bc7 8. Bf4 Bxf4 9. gxf4 Nbd7 10. b4 Ne4 11. Nxe4 fxe4 12. Ne5 0-0 13. e3 Nxe5 14. fxe5 Qh4 15. 0-0 Bd7 16. f4 exf3 17. Rxf3 Rxf3 18. Qxf3 a5 19. bxa5 Rxa5 20. Rb1 Ra7 21. Rf1 Qe7 22. Rf2 Be8 23. Bh3 Bf7 24. Qg4 Ra8 25. Rg2 Qf8 26. Qf4 Re8 27. Qf6 Kh8 28. Qh4 Qe7 29. Qxe7 Rxe7 30. Rb2 Bg6 31. Bf1 Be4 32. Ba6 h5 33. Bxb7 Rf7 34. a4 Bd3 35. Bxc6 Rf1+ 36. Kg2 Ra1 37. Bd7 Be4+ 38. Kf2 Rh1 39. c6 Rxh2+ 40. Kg3 Rxb2 41. c7 g5 42. c8=Q+ Kg7 43. Bxe6 h4+ 44. Kh3 1-0

[Event "FIDE World Rapid-ch Open 2018"]
[White "Kobo, Ori"]
[Black "Anisimov, Pavel"]
[Site "St. Petersburg"]
[Round "15.84"]
[Annotator "ChessBase"]
[Result "1-0"]
[Date "2018.12.28"]
[WhiteElo "2494"]
[BlackElo "2533"]
[PlyCount "95"]
[TimeControl "900+10"]

1. Nf3 d5 2. g3 c5 3. Bg2 Nc6 4. d4 e6 5. 0-0 Qb6 6. dxc5 Bxc5 7. c4 d4 8. Nbd2 Nf6 9. Nb3 e5 10. Nxc5 Qxc5 11. e3 d3 12. Nd2 0-0 13. a3 Bg4 14. Qb3 Be2 15. Re1 Rab8 16. Qc3 a5 17. Rb1 a4 18. b4 axb3 19. Rxb3 Rfc8 20. Rb5 Qe7 21. Bb2 Nd7 22. Nb3 Rc7 23. Bh3 f6 24. Bf5 Na7 25. Ra5 b5 26. c5 Nc6 27. Ra6 e4 28. Rc1 Nf8 29. Nd2 b4 30. Qc4+ Kh8 31. Qxe4 bxa3 32. Bxa3 Ne5 33. c6 Qd8 34. Qd4 Qe8 35. Qd6 Qd8 36. Qxd8 Rxd8 37. f4 Nf3+ 38. Nxf3 d2 39. Nxd2 Bxa6 40. Nb3 Kg8 41. Nd4 Bc8 42. Be4 Ba6 43. Bxf8 Rxf8 44. Bd5+ Rff7 45. Ra1 Bc8 46. Nb5 Kf8 47. Ra8 Rfe7 48. Nxc7 1-0

[Event "FIDE World Rapid-ch Open 2018"]
[White "Belozerov, Andrei"]
[Black "Pogosyan, Stefan"]
[Site "St. Petersburg"]
[Round "15.85"]
[Annotator "ChessBase"]
[Result "1/2-1/2"]
[Date "2018.12.28"]
[WhiteElo "2528"]
[BlackElo "2365"]
[PlyCount "172"]
[TimeControl "900+10"]

1. e4 e5 2. Nf3 Nc6 3. Nc3 Nf6 4. Bc4 Nxe4 5. Nxe4 d5 6. Bd3 dxe4 7. Bxe4 Bd6 8. 0-0 0-0 9. Re1 Bg4 10. h3 Bh5 11. c3 f5 12. Bd5+ Kh8 13. d3 Ne7 14. Bg5 c6 15. Bb3 h6 16. Bxe7 Qxe7 17. Nxe5 Qg5 18. Qc1 f4 19. d4 Rae8 20. Bd1 Bxe5 21. Rxe5 Rxe5 22. dxe5 Bxd1 23. Qxd1 f3 24. g3 Qxe5 25. Qd3 Qe6 26. Kh2 a5 27. b3 h5 28. Rd1 h4 29. gxh4 Qe5+ 30. Kh1 Qf4 31. Rg1 Qxh4 32. Rg3 Qf6 33. Kh2 Rf7 34. Qe4 Kg8 35. Qe8+ Rf8 36. Qe3 Qd6 37. Qd4 Qxd4 38. cxd4 Rf4 39. Rg4 Rf5 40. Kg3 a4 41. Rf4 Rg5+ 42. Kh4 axb3 43. axb3 Rb5 44. Rxf3 Rb4 45. Rd3 c5 46. Kg5 cxd4 47. Kf5 Kh7 48. Ke5 Kg6 49. Rg3+ Kh5 50. Kd5 b6 51. Kc6 g5 52. Kb7 Kh4 53. Kc6 Kh5 54. Rd3 g4 55. Kd5 gxh3 56. Rxh3+ Kg4 57. Rg3+ Kf4 58. Rd3 Kf5 59. Rf3+ Kg4 60. Rg3+ Kf4 61. Rh3 Kg4 62. Rd3 Kf5 63. f3 Kf6 64. Ke4 Ke6 65. f4 Kf6 66. f5 Rb5 67. Rf3 d3 68. Rxd3 Rb4+ 69. Kd5 Kxf5 70. Rf3+ Kg4 71. Rc3 Kf5 72. Rd3 Kf6 73. Rf3+ Ke7 74. Kc6 Ke6 75. Rh3 Ke5 76. Rh5+ Kd4 77. Rh3 Ke5 78. Rg3 Kd4 79. Kd6 Rb5 80. Kc6 Rb4 81. Kb7 Kc5 82. Ka6 Rh4 83. Rg5+ Kb4 84. Rb5+ Ka3 85. Kxb6 Rb4 86. Rxb4 Kxb4 1/2-1/2

[Event "FIDE World Rapid-ch Open 2018"]
[White "Fakhrutdinov, Timur"]
[Black "Vlassov, Nikolai"]
[Site "St. Petersburg"]
[Round "15.86"]
[Annotator "ChessBase"]
[Result "1-0"]
[Date "2018.12.28"]
[WhiteElo "2481"]
[BlackElo "2401"]
[PlyCount "49"]
[TimeControl "900+10"]

1. e4 Nc6 2. Nf3 d5 3. exd5 Qxd5 4. Nc3 Qa5 5. Bb5 Bd7 6. Qe2 0-0-0 7. 0-0 a6 8. Bxc6 Bxc6 9. Ne5 Be8 10. Rb1 f6 11. Nc4 Qh5 12. Qe3 e5 13. Qa7 Bc6 14. Na5 Ne7 15. Nxc6 Nxc6 16. Qa8+ Nb8 17. d3 c5 18. Be3 Kc7 19. b4 Nc6 20. Nd5+ Rxd5 21. bxc5 Nd8 22. c6 Rb5 23. cxb7 Bb4 24. Qc8+ Kd6 25. b8=Q+ 1-0

[Event "FIDE World Rapid-ch Open 2018"]
[White "Christiansen, Johan-Sebastian"]
[Black "Makarov, Marat"]
[Site "St. Petersburg"]
[Round "15.87"]
[Annotator "ChessBase"]
[Result "1-0"]
[Date "2018.12.28"]
[WhiteElo "2555"]
[BlackElo "2505"]
[PlyCount "189"]
[TimeControl "900+10"]

1. e4 c5 2. Nf3 d6 3. Nc3 Nf6 4. e5 dxe5 5. Nxe5 e6 6. Bb5+ Nbd7 7. d4 cxd4 8. Qxd4 a6 9. Nxd7 Bxd7 10. Bxd7+ Qxd7 11. Qe3 Be7 12. 0-0 0-0 13. h3 b5 14. a3 Qc6 15. Qg3 Kh8 16. Be3 a5 17. Rfc1 b4 18. axb4 axb4 19. Rxa8 Rxa8 20. Ne2 Ne8 21. Nd4 Qe4 22. Nf3 Kg8 23. Bd4 Bd6 24. Be5 Bxe5 25. Nxe5 Nd6 26. Ng4 Qd4 27. c3 Qd2 28. Rf1 bxc3 29. bxc3 Nf5 30. Qc7 Qd6 31. Qc4 h5 32. Nh2 Qa6 33. Qb4 Rc8 34. Rc1 Qc6 35. Nf3 Qc4 36. Qb7 Qc6 37. Qb1 Qc7 38. Qd3 Qf4 39. Qd1 h4 40. Qe1 Rc4 41. Rd1 Qc7 42. Rd3 Ra4 43. Qd1 Ra8 44. Ng5 Qb6 45. Rd7 f6 46. Ne4 Qc6 47. Qg4 Rf8 48. Rd1 Kf7 49. Qf3 Qc7 50. Qh5+ Kg8 51. Qe2 Kf7 52. Re1 Qc6 53. Rb1 Rd8 54. Qh5+ Ke7 55. Qg4 Qc7 56. Qf3 Rb8 57. Ra1 Kf7 58. Qh5+ Ke7 59. Qe2 Kf7 60. Re1 Re8 61. Qh5+ Ke7 62. Nxf6 gxf6 63. Qxf5 Qd6 64. Qh7+ Kf8 65. Qxh4 Kg7 66. Qg4+ Kf7 67. Qh5+ Kf8 68. Rd1 Qe7 69. Qh6+ Qg7 70. Qe3 Kg8 71. Rd4 f5 72. Qd2 Qf6 73. Rd6 Kf7 74. Rd7+ Re7 75. Rd8 Rb7 76. Rd7+ Rxd7 77. Qxd7+ Kg6 78. Qd4 e5 79. Qd5 e4 80. Qd4 Qe6 81. g3 Qa2 82. Kh2 Qe2 83. Qe3 Qc2 84. h4 Kf7 85. Kg2 Qd1 86. c4 Ke6 87. c5 Kd5 88. Qf4 Qh5 89. Qd6+ Kc4 90. c6 Qf3+ 91. Kg1 e3 92. Qe6+ Kb5 93. Qxe3 Qd1+ 94. Kg2 Qd5+ 95. Qf3 1-0

[Event "FIDE World Rapid-ch Open 2018"]
[White "Dzhumagaliev, Yan"]
[Black "Pershin, Denis"]
[Site "St. Petersburg"]
[Round "15.88"]
[Annotator "NA"]
[Result "0-1"]
[Date "2018.12.28"]
[WhiteElo "2410"]
[BlackElo "2400"]
[PlyCount "66"]
[TimeControl "900+10"]

1. Nf3 d5 2. b3 Nf6 3. Bb2 Bg4 4. Ne5 Bf5 5. e3 Nbd7 6. g4 Nxe5 7. gxf5 Ned7 8. c4 dxc4 9. Bxc4 g6 10. Qf3 c6 11. e4 Bg7 12. fxg6 hxg6 13. e5 Nd5 14. e6 N7f6 15. exf7+ Kxf7 16. Nc3 Qd7 17. 0-0-0 b5 18. Bd3 Rh3 19. Bxg6+ Kxg6 20. Qg2+ Kh7 21. Rhg1 Rg8 22. Ne4 Bh6 23. Qh1 Qf5 24. Rxg8 Kxg8 25. Bxf6 exf6 26. Qg2+ Bg5 27. Ng3 Qe5 28. Kb1 Rh4 29. Rc1 Nb4 30. Qf3 Rd4 31. Rd1 Nd3 32. Qh5 Rd7 33. Qg6+ Kf8 0-1

[Event "FIDE World Rapid-ch Open 2018"]
[White "Hirneise, Jens"]
[Black "Sokolov, Andrei"]
[Site "St. Petersburg"]
[Round "15.89"]
[Annotator "ChessBase"]
[Result "0-1"]
[Date "2018.12.28"]
[WhiteElo "2371"]
[BlackElo "2532"]
[PlyCount "118"]
[TimeControl "900+10"]

1. e4 d6 2. d4 Nf6 3. Nc3 e5 4. Nf3 Nbd7 5. Bc4 Be7 6. 0-0 0-0 7. a4 c6 8. Re1 b6 9. b3 a6 10. Bb2 Bb7 11. dxe5 dxe5 12. Nh4 b5 13. Bd3 g6 14. Nf3 Re8 15. Qe2 Qc7 16. Nd1 Bb4 17. Bc3 Bxc3 18. Nxc3 Nc5 19. Qe3 Qe7 20. h3 Rad8 21. Red1 Bc8 22. Ne1 Ne6 23. Bf1 Nd4 24. Ne2 c5 25. axb5 axb5 26. b4 Bb7 27. bxc5 Qxc5 28. Ng3 b4 29. Bd3 Rd6 30. Nf1 Red8 31. Nd2 Ne6 32. Nc4 Rd4 33. Na5 R4d7 34. Nxb7 Qxe3 35. fxe3 Rxb7 36. Nf3 Nc5 37. Nxe5 Re8 38. Nc6 Nfxe4 39. Bxe4 Rxe4 40. Ra5 Ne6 41. Re5 Rxe5 42. Nxe5 Rc7 43. Nd3 Rc4 44. Rb1 Rxc2 45. Nxb4 Rd2 46. Rc1 Kg7 47. Rc4 h5 48. Rc2 Rd1+ 49. Kf2 Ng5 50. Ke2 Rg1 51. Kf2 Rh1 52. Kg3 Rf1 53. Nd5 Ne4+ 54. Kh2 h4 55. Rc4 f5 56. Nc3 Rc1 57. Rc7+ Kh6 58. Nd5 Re1 59. Nc3 Ng3 0-1

[Event "FIDE World Rapid-ch Open 2018"]
[White "Chen, Qi b"]
[Black "Tsoi, Dmitry"]
[Site "St. Petersburg"]
[Round "15.90"]
[Annotator "NA"]
[Result "1-0"]
[Date "2018.12.28"]
[WhiteElo "2437"]
[BlackElo "2424"]
[PlyCount "103"]
[TimeControl "900+10"]

1. e4 e5 2. Bc4 Nf6 3. d3 d6 4. Nc3 c6 5. Nf3 Be7 6. 0-0 0-0 7. Bb3 Nbd7 8. a3 b5 9. Ne2 Bb7 10. Ng3 Nc5 11. Ba2 Qc7 12. Re1 Rae8 13. Nf5 Bc8 14. Nxe7+ Qxe7 15. b4 Ncd7 16. c4 a6 17. a4 Bb7 18. Bd2 Nb6 19. cxb5 cxb5 20. axb5 axb5 21. Bb3 Ra8 22. Qe2 Bc6 23. h3 Qb7 24. Bg5 Nbd7 25. Nh4 Rxa1 26. Rxa1 d5 27. f3 h6 28. Be3 Ra8 29. Rxa8+ Qxa8 30. Qb2 Qf8 31. Bd2 Kh7 32. Nf5 h5 33. Qc1 Qa8 34. Kh2 g6 35. Nd6 Kg8 36. Bg5 Nh7 37. Bh4 Nhf8 38. Ne8 Qxe8 39. Qxc6 dxe4 40. dxe4 Qb8 41. Qd5 Qe8 42. Qxb5 Nf6 43. Qxe8 Nxe8 44. b5 Nd7 45. Bd8 Nd6 46. b6 Kf8 47. Bd5 Nc5 48. Bc7 Ke7 49. Bxd6+ Kxd6 50. Bxf7 g5 51. Bxh5 Ne6 52. Bf7 {[%emt 0:0:10] Kd5} 1-0

[Event "FIDE World Rapid-ch Open 2018"]
[White "Iljiushenok, Ilia"]
[Black "Hirneise, Tobias"]
[Site "St. Petersburg"]
[Round "15.91"]
[Annotator "ChessBase"]
[Result "0-1"]
[Date "2018.12.28"]
[WhiteElo "2533"]
[BlackElo "2464"]
[PlyCount "104"]
[TimeControl "900+10"]

1. e4 c6 2. d4 d5 3. e5 Bf5 4. h4 h6 5. g4 Bd7 6. Be3 e6 7. Nc3 h5 8. gxh5 Qb6 9. Na4 Qc7 10. f4 Nh6 11. Bd3 b6 12. Nc3 c5 13. Nf3 Nc6 14. Nb5 Qb8 15. c3 c4 16. Bc2 a6 17. Nd6+ Bxd6 18. exd6 Ng4 19. Qe2 Qxd6 20. Ne5 Nxe3 21. Qxe3 Rxh5 22. 0-0-0 Nxe5 23. dxe5 Qc5 24. Qg3 0-0-0 25. f5 exf5 26. Qf3 Rhh8 27. Rxd5 Qc6 28. Rhd1 Kc7 29. Qg3 Qh6+ 30. Kb1 Bc6 31. Rd6 Rxd6 32. exd6+ Kb7 33. Bxf5 Rd8 34. Ka1 Qf6 35. Bh3 Qf3 36. Qxf3 Bxf3 37. Rd4 b5 38. b3 Kc6 39. d7 Bd5 40. Kb2 cxb3 41. axb3 Be6 42. Bxe6 fxe6 43. c4 Rxd7 44. cxb5+ axb5 45. Rg4 Kd5 46. Kc3 Rf7 47. Kb4 e5 48. Kxb5 e4 49. Rg5+ Kd4 50. Kc6 e3 51. Rd5+ Ke4 52. Rd8 Rf5 0-1

[Event "FIDE World Rapid-ch Open 2018"]
[White "Drygalov, Sergey"]
[Black "Baron, Tal"]
[Site "St. Petersburg"]
[Round "15.92"]
[Annotator "ChessBase"]
[Result "1-0"]
[Date "2018.12.28"]
[WhiteElo "2446"]
[BlackElo "2532"]
[PlyCount "67"]
[TimeControl "900+10"]

1. d4 Nf6 2. Nf3 d5 3. c4 e6 4. Nc3 dxc4 5. e4 Bb4 6. Bxc4 Nxe4 7. 0-0 Nxc3 8. bxc3 Be7 9. Ne5 0-0 10. Qg4 Nc6 11. Bf4 Bf6 12. Nxc6 bxc6 13. Qg3 Bh4 14. Qf3 Bb7 15. Bd3 Bg5 16. Bg3 Rb8 17. Rab1 Ba8 18. Qe4 g6 19. Qe5 Qd5 20. Be4 Qxe5 21. Bxe5 Bd2 22. c4 Bc3 23. c5 Rxb1 24. Rxb1 f6 25. Bxc7 Bxd4 26. Bd6 Rd8 27. Kf1 Kf7 28. Bd3 f5 29. Bc4 Bg7 30. Rb3 Bf8 31. Bxf8 Rxf8 32. Ra3 Kf6 33. Rxa7 Rb8 34. Ke2 1-0

[Event "FIDE World Rapid-ch Open 2018"]
[White "Shubin, Kirill"]
[Black "Gaifullin, Artur"]
[Site "St. Petersburg"]
[Round "15.94"]
[Annotator "NA"]
[Result "0-1"]
[Date "2018.12.28"]
[WhiteElo "2334"]
[BlackElo "2448"]
[PlyCount "64"]
[TimeControl "900+10"]

1. e4 c6 2. d4 d5 3. exd5 cxd5 4. Bd3 Nc6 5. c3 Qc7 6. Ne2 Bg4 7. 0-0 Nf6 8. Qe1 g6 9. f3 Bd7 10. Na3 Bg7 11. Nc2 0-0 12. Bf4 e5 13. dxe5 Nh5 14. e6 Nxf4 15. Nxf4 Qb6+ 16. Qf2 Qxf2+ 17. Rxf2 fxe6 18. Ne2 Ne5 19. Rd1 Rae8 20. Ned4 Nxd3 21. Rxd3 e5 22. Nb3 Bc6 23. Nb4 e4 24. fxe4 dxe4 25. Re3 Rxf2 26. Kxf2 Bh6 27. Rh3 Rf8+ 28. Ke1 Bb5 29. Rxh6 e3 30. Nd2 Rf2 31. Rh3 exd2+ 32. Kd1 Rxg2 0-1

[Event "FIDE World Rapid-ch Open 2018"]
[White "Danielyan, Vahe"]
[Black "Guimaraes, Diogo Duarte"]
[Site "St. Petersburg"]
[Round "15.95"]
[Annotator "NA"]
[Result "1-0"]
[Date "2018.12.28"]
[WhiteElo "2220"]
[BlackElo "2278"]
[PlyCount "147"]
[TimeControl "900+10"]

1. e4 e5 2. Nf3 Nc6 3. Bb5 Nf6 4. d3 Bc5 5. Nc3 a6 6. Bxc6 dxc6 7. Nxe5 Qd4 8. Be3 Qxe5 9. d4 Qe7 10. dxc5 Nxe4 11. Qd4 Bf5 12. Qxg7 0-0-0 13. Rd1 Rde8 14. Nxe4 Qxe4 15. Qc3 Bg4 16. f3 Qxe3+ 17. Qxe3 Rxe3+ 18. Kd2 Rhe8 19. fxg4 Re2+ 20. Kc1 Rxg2 21. Rd2 Rxg4 22. Rf1 Re7 23. Rfd1 Rg8 24. Rf1 Rf8 25. Rdf2 Kd7 26. Rf6 Ke8 27. R6f3 Re5 28. Rb3 Rxc5 29. Rxb7 Kd7 30. Rd1+ Kc8 31. Ra7 Kb8 32. Rxa6 Rg8 33. Ra4 Rg2 34. Rd2 Rg1+ 35. Rd1 Rg2 36. Rd2 Rg6 37. b3 Rh6 38. Rf4 f5 39. Re2 Kc8 40. c4 Ra5 41. Kb2 Rh5 42. a4 Kd7 43. Rd4+ Kc8 44. Re8+ Kb7 45. c5 Rxc5 46. Rb4+ Ka7 47. Rbb8 Rxh2+ 48. Ka3 Rd5 49. Rf8 h5 50. Rg8 Re2 51. Rh8 h4 52. Ra8+ Kb6 53. Rxh4 c5 54. Rh6+ Kb7 55. Ra5 f4 56. Rf6 Rf2 57. Rb5+ Ka7 58. Rc6 f3 59. Rxc7+ Ka6 60. Rc6+ Ka7 61. Rcxc5 Rxc5 62. Rxc5 Rg2 63. Rf5 f2 64. a5 Ka6 65. Ka4 Kb7 66. b4 Rh2 67. Rf7+ Kb8 68. a6 Rh6 69. b5 Rh2 70. Ka5 Rg2 71. Rf8+ Kc7 72. b6+ Kc6 73. a7 Rg5+ 74. Ka6 1-0

[Event "FIDE World Rapid-ch Open 2018"]
[White "Dubrovin, Robert"]
[Black "Al Thebaiti, Ahmed M"]
[Site "St. Petersburg"]
[Round "15.96"]
[Annotator "NA"]
[Result "1-0"]
[Date "2018.12.28"]
[WhiteElo "2220"]
[BlackElo "1976"]
[PlyCount "117"]
[TimeControl "900+10"]

1. d4 d5 2. c4 dxc4 3. Nf3 Nf6 4. e3 e6 5. Bxc4 c5 6. 0-0 a6 7. a4 Nc6 8. Qe2 Be7 9. Rd1 Qc7 10. Nc3 0-0 11. dxc5 Bxc5 12. h3 b6 13. e4 Bb7 14. e5 Nd7 15. Bf4 Ne7 16. Ng5 Qc6 17. Qg4 Ng6 18. Nxe6 fxe6 19. Bxe6+ Kh8 20. Bxd7 Qxg2+ 21. Qxg2 Bxg2 22. Bg3 Bb7 23. Bg4 Bc6 24. Nd5 Rad8 25. Nc7 Rxd1+ 26. Rxd1 Bxa4 27. Ra1 Bc6 28. Ne6 Re8 29. Nxc5 bxc5 30. Rxa6 Be4 31. f4 Ne7 32. Re6 Bd5 33. Rd6 Be4 34. Bf2 c4 35. Bb6 Nf5 36. Rd8 Rxd8 37. Bxd8 Kg8 38. Kf2 Kf7 39. Bf3 Bd3 40. Bd5+ Ke8 41. Bb6 Ne7 42. Be6 g6 43. Ke3 Nf5+ 44. Kd2 Ke7 45. Bg8 h6 46. b3 Bf1 47. Bxc4 Bxh3 48. Bc5+ Kd8 49. Kd3 Bf1+ 50. Ke4 Bxc4 51. bxc4 Kd7 52. Kd5 h5 53. e6+ Ke8 54. Ke5 h4 55. Bg1 Ke7 56. c5 Ng7 57. Bf2 Nxe6 58. Bxh4+ Kd7 59. c6+ 1-0

[Event "FIDE World Rapid-ch Open 2018"]
[White "Perdomo, Carlos Andres"]
[Black "Ahmed Hassan Abdillahi"]
[Site "St. Petersburg"]
[Round "15.97"]
[Annotator "NA"]
[Result "1-0"]
[Date "2018.12.28"]
[WhiteElo "2301"]
[BlackElo "1570"]
[PlyCount "89"]
[TimeControl "900+10"]

1. c4 b5 2. cxb5 Bb7 3. Nc3 e5 4. d4 e4 5. d5 Bb4 6. Qd4 Qe7 7. Qxg7 Qf6 8. Qxf6 Nxf6 9. Bd2 Rg8 10. Nxe4 Bxd2+ 11. Nxd2 Bxd5 12. f3 d6 13. e4 Be6 14. Ne2 Nbd7 15. Nd4 Nc5 16. a4 h5 17. b4 Nb7 18. Rc1 Kd7 19. Kf2 Rac8 20. Be2 h4 21. g4 Nd8 22. h3 c5 23. bxc6+ Nxc6 24. Rxc6 Rxc6 25. Bb5 d5 26. e5 Nh7 27. Bxc6+ Ke7 28. f4 Rc8 29. b5 Nf8 30. f5 Bd7 31. N2f3 a6 32. Nxh4 axb5 33. axb5 Bxc6 34. Nxc6+ Kd7 35. Ra1 Kc7 36. Ra7+ Kb6 37. Rxf7 Ra8 38. e6 Kxb5 39. Nd4+ Kc5 40. Nhf3 Kd6 41. g5 Ra2+ 42. Kg3 Ra8 43. g6 Nxg6 44. fxg6 Rg8 45. g7 1-0

[Event "FIDE World Rapid-ch Open 2018"]
[White "Ovchinnikov, Vsevolod"]
[Black "Alsulaymi, Abdullah M"]
[Site "St. Petersburg"]
[Round "15.98"]
[Annotator "NA"]
[Result "1-0"]
[Date "2018.12.28"]
[WhiteElo "2329"]
[BlackElo "1833"]
[PlyCount "68"]
[TimeControl "900+10"]

1. Nf3 Nf6 2. c4 g6 3. b3 Bg7 4. Bb2 0-0 5. g3 d6 6. d4 Bf5 7. Bg2 Nc6 8. d5 Nb4 9. Nd4 Ne4 10. a3 Bxd4 11. Bxd4 Na6 12. g4 Bxg4 13. Bxe4 Nc5 14. Bg2 e5 15. Be3 f5 16. h3 Bh5 17. Nc3 Nd7 18. Bf3 f4 19. Bd2 Nf6 20. Qc2 Qe7 21. 0-0-0 a5 22. Ne4 Bxf3 23. exf3 c6 24. dxc6 bxc6 25. Bc3 d5 26. Nxf6+ Rxf6 27. cxd5 cxd5 28. Rxd5 Rc8 29. Kb2 Rfc6 30. Rd3 Qc5 31. Rhd1 Qb6 32. Qd2 a4 33. b4 Kf7 34. Rd7+ Ke6 1-0

[Event "FIDE World Rapid-ch Open 2018"]
[White "Al Turky, Fahad A"]
[Black "Mamatov, Melis"]
[Site "St. Petersburg"]
[Round "15.99"]
[Annotator "NA"]
[Result "0-1"]
[Date "2018.12.28"]
[WhiteElo "1836"]
[BlackElo "2223"]
[PlyCount "96"]
[TimeControl "900+10"]

1. e4 c5 2. Nf3 d6 3. d4 cxd4 4. Nxd4 Nf6 5. Nc3 e5 6. Nf3 Be6 7. Bb5+ Nc6 8. 0-0 a6 9. Ba4 h6 10. Re1 Be7 11. h3 0-0 12. Bb3 b5 13. Nd5 Rc8 14. c3 Na5 15. Bc2 Nxd5 16. exd5 Bd7 17. Qe2 Re8 18. a4 f5 19. Bd2 Bf6 20. b4 Nc4 21. Bb3 Nb2 22. a5 Nc4 23. Rac1 Rc7 24. Be3 Qa8 25. Bxc4 Rxc4 26. Red1 Rec8 27. Qb2 f4 28. Bb6 e4 29. Nd2 Bxc3 30. Rxc3 Rxc3 31. Nxe4 Rc2 32. Qd4 R8c4 33. Qd3 Qf8 34. f3 Bf5 35. Re1 Rb2 36. Qf1 Bxe4 37. fxe4 Rcc2 38. Kh1 Rxg2 39. Qxg2 Rxg2 40. Kxg2 Qf6 41. Rf1 g5 42. Rf3 Qb2+ 43. Rf2 Qxb4 44. Kf3 Qc3+ 45. Kg2 Qg3+ 46. Kf1 Qxh3+ 47. Ke2 Qc3 48. Rf3 Qc2+ 0-1

[Event "FIDE World Rapid-ch Open 2018"]
[White "khayat, Abdullah F"]
[Black "Vorotnikov, Vladislav V"]
[Site "St. Petersburg"]
[Round "15.100"]
[Annotator "NA"]
[Result "0-1"]
[Date "2018.12.28"]
[WhiteElo "1723"]
[BlackElo "2417"]
[PlyCount "90"]
[TimeControl "900+10"]

1. d4 Nf6 2. Nf3 d6 3. g3 c6 4. Bg2 h6 5. 0-0 Bf5 6. c3 e6 7. Re1 Bh7 8. Nbd2 d5 9. Qb3 Qb6 10. Qxb6 axb6 11. e3 Nbd7 12. c4 Bb4 13. cxd5 exd5 14. a3 0-0 15. Bh3 Rfe8 16. Rd1 b5 17. Nf1 Bc2 18. Rd2 Be4 19. Bg2 Nb6 20. Ne5 Bxg2 21. Kxg2 Bxd2 22. Bxd2 Nc4 23. b4 Rxa3 24. Rxa3 Nxa3 25. Nd3 Nc4 26. Nc5 b6 27. Nd3 Ra8 28. h4 Ne4 29. Be1 Ra3 30. Nc1 Ra1 31. Nd3 Rd1 32. f3 Ned6 33. Ne5 Rxe1 34. Nxc6 Nxe3+ 35. Nxe3 Rxe3 36. Kf2 Re6 37. Ne5 Nc4 38. Nd3 g5 39. h5 Re3 40. Ne5 Rb3 41. Nc6 Rb2+ 42. Ke1 Kf8 43. f4 g4 44. Ne5 Nxe5 45. fxe5 Rxb4 0-1